 Dungeon Crawl Stone Soup version 0.29.1-15-g9cfb28693d (webtiles) character file.

Game seed: 5940961878317167163

72 protoss039 the Digger (level 4, -6/32 (33) HPs)
             Began as a Demonspawn Earth Elementalist on Mar 25, 2023.
             Mangled by Crazy Yiuf
             ... wielding a +3 quarterstaff of chaos
              (16 damage)
             ... on level 2 of the Dungeon.
             The game lasted 00:01:44 (2208 turns).

protoss039 the Digger (DsEE)                        Turns: 2208, Time: 00:01:44

HP:   -6/32 (33)    AC:  3    Str:  9    XL:     4   Next: 7%
MP:   6/8           EV: 12    Int: 18    God:
Gold: 149           SH:  0    Dex: 13    Spells: 5/8 levels left

rFire   . . .      SeeInvis .   k - +0 dagger
rCold   . . .      Faith    .   (no shield)
rNeg    . . .      Spirit   .   a - +0 robe
rPois   .          Reflect  .   m - +0 helmet
rElec   .          Harm     .   (no cloak)
rCorr   .          Rampage  .   (no gloves)
Will    .....                   (no boots)
Stlth   ++........              (no amulet)
HPRegen 0.10/turn               (no ring)
MPRegen 0.11/turn               (no ring)

@: lethally poisoned (-6 -> -15), lightly drained
A: claws 2
a: no special abilities


You were on level 2 of the Dungeon.
You visited 1 branch of the dungeon, and saw 2 of its levels.

You collected 149 gold pieces.

Inventory:

Hand Weapons
 k - a +0 dagger (weapon)
Armour
 a - a +0 robe (worn)
 m - a +0 helmet (worn)
Scrolls
 c - a scroll of butterflies
 d - a scroll of vulnerability {unknown}
 e - a scroll of identify
 h - a scroll of enchant armour {unknown}
 i - a scroll of amnesia {unknown}
 n - a scroll of silence {unknown}
 o - a scroll of teleportation {unknown}
 q - a scroll of immolation {unknown}
Potions
 b - a potion of magic
 f - a potion of heal wounds
 g - a potion of might {unknown}
 j - 2 potions of curing {unknown}
 l - a potion of brilliance {unknown}
 p - a potion of lignification {unknown}
 r - a potion of cancellation {unknown}


   Skills:
 + Level 2.0 Fighting
 - Level 1.7 Dodging
 - Level 1.7 Stealth
 + Level 2.8 Spellcasting
 - Level 0.8 Transmutations
 + Level 3.4 Earth Magic


You had 5 spell levels left.
You knew the following spells:

 Your Spells              Type           Power      Damage    Failure   Level
a - Sandblast             Erth           28%        2d8       4%          1
b - Passwall              Tmut/Erth      8%         N/A       11%         2

Your spell library contained the following spells:

 Spells                   Type           Power      Damage    Failure   Level
 Magic Dart               Conj           8%         1d3       17%         1
 Searing Ray              Conj           4%         2d4       26%         2
 Stone Arrow              Conj/Erth      16%        3d8       26%         3
 Petrify                  Tmut/Erth      10%        N/A       56%         4
 Fulminant Prism          Conj/Hex       1%         3d6       86%         4


Dungeon Overview and Level Annotations

Branches:
Dungeon (2/15) Zot: 9768

Altars:

Annotations:
D:2 Crazy Yiuf


Innate Abilities, Weirdness & Mutations

You have very sharp fingernails.


Message History

Aim: an adder (almost dead, 70% to hit)
The blast of sand hits the adder.
You kill the adder!
Your Fighting skill increases to level 2!
You have reached level 4!
You feel stronger.
Unknown command.
You see here an adder corpse.
q - a scroll labelled UNEIZI MOEGE You see here a +0 ring mail.
There is a stone staircase leading down here.
There is an open door here.
r - a pink potion
Found a hammer.
Found a runed translucent door.
Could not explore, unopened runed door.
Could not explore, unopened runed door.
Could not explore, unopened runed door.
As you open the door, it creaks loudly!
Casting: Sandblast (safe; 4% risk of failure)
Confirm with . or Enter, or press ? or * to list all spells.
Aiming: Sandblast (safe; 4% risk of failure)
Press: ? - help, Shift-Dir - straight line, f - Crazy Yiuf
Aim: Crazy Yiuf, wielding a +3 quarterstaff of chaos and wearing a +0 cloak (84% to hit)
The blast of sand hits Crazy Yiuf.
Crazy Yiuf is moderately wounded.
Crazy Yiuf hits you with a +3 quarterstaff of chaos!
You are poisoned.
Casting: Sandblast (safe; 4% risk of failure)
Confirm with . or Enter, or press ? or * to list all spells.
Aiming: Sandblast (safe; 4% risk of failure)
Press: ? - help, Shift-Dir - straight line, f/p - Crazy Yiuf
Aim: Crazy Yiuf, wielding a +3 quarterstaff of chaos and wearing a +0 cloak (moderately wounded, 84% to hit)
The blast of sand hits Crazy Yiuf.
Crazy Yiuf is heavily wounded.
You feel very sick.
Crazy Yiuf hits you with a +3 quarterstaff of chaos!
You feel drained.
Crazy Yiuf hits you with a +3 quarterstaff of chaos!
Ouch! That really hurt!
You die...

#..#####
#..# #..#
##### #.##
#..)# #.#
#...# #.#
... #.# #'#
#.# ♣♣g♣
#.# ♣@♣♣
#.# ♣♣.♣
#.# ♣.♣♣
#.# ♣♣.♣♣
#.# ♣...♣♣
#.# ♣....♣
#.# #....#
#.#####..##
#.........#


You could see Crazy Yiuf.

Vanquished Creatures
  4 adders
  2 endoplasms (D:1)
  A giant cockroach (D:2)
  2 goblins (D:1)
  6 hobgoblins (D:1)
  2 jackals (D:1)
  2 ball pythons
  9 bats
  A frilled lizard (D:1)
  3 kobolds (D:1)
  3 rats (D:1)
35 creatures vanquished.

Notes
Turn   | Place    | Note
-------+----------+-------------------------------------------
     0 | D:1      | protoss039 the Demonspawn Earth Elementalist began the
                  | quest for the Orb.
     0 | D:1      | Reached XP level 1. HP: 13/13 MP: 3/3
    55 | D:1      | Found a faded altar of an unknown god.
   252 | D:1      | Gained mutation: You have sharp fingernails. [demonic
                  | ancestry]
   252 | D:1      | Reached XP level 2. HP: 17/20 MP: 3/5
   410 | D:1      | Reached skill level 1 in Fighting
   480 | D:1      | Reached skill level 3 in Earth Magic
  1190 | D:1      | Learned a level 2 spell: Passwall
  1240 | D:2      | Gained mutation: You have very sharp fingernails. [demonic
                  | ancestry]
  1240 | D:2      | Reached XP level 3. HP: 25/26 MP: 6/6
  2048 | D:2      | Reached XP level 4. HP: 33/33 MP: 4/8
  2201 | D:2      | Found a runed translucent door.
  2202 | D:2      | Noticed Crazy Yiuf
  2208 | D:2      | Mangled by Crazy Yiuf

Illustrated notes

Levels and vault maps discovered:
D:1:      dpeg_arrival_more_subterranean_lakeside_camping, layout_basic,
          dreamdust_ecumenical_altar_statues
D:2:      layout_basic, uniq_crazy_yiuf_cottage

Skill      XL: |  1  2  3 |
---------------+----------+-----
Fighting       | 1 2 |  2.0
Earth Magic    | 3 |  3.4
Dodging        | |  1.7
Stealth        | |  1.7
Spellcasting   | |  2.8
Transmutations | |  0.8

Action                   |  1- 3 |  4- 6 || total
-------------------------+-------+-------++-------
Melee: Club              |     3 |       ||     3
       Dagger            |    38 |       ||    38
 Cast: Sandblast         |    38 |     2 ||    40
  Use: Scroll            |     2 |       ||     2
 Stab: Sleeping          |     1 |       ||     1
Armor: Robe              |    30 |       ||    30
Dodge: Dodged            |    72 |       ||    72
